 Dungeon Crawl Stone Soup version 0.31.0-11-ge490571c62 (webtiles) character file.

Game seed: 6727197891721169740

21 ChrisTheSkald the Gusty (level 2, 0/20 HPs)
             Began as a Gnoll Air Elementalist on Feb 5, 2024.
             Killed by their own static electricity (3 damage)
             ... on level 2 of the Dungeon.
             The game lasted 00:01:44 (346 turns).

ChrisTheSkald the Gusty (Gnoll Air Elementalist)     Turns: 346, Time: 00:01:44

Health: 0/20       AC:  2    Str:  7    XL:     2   Next: 87%
Magic:  1/7        EV: 13    Int: 14    God:
Gold:   12         SH:  0    Dex: 12    Spells: 7/10 levels left

rFire   . . .        e - +0 quarterstaff
rCold   . . .        (shield currently unavailable)
rNeg    . . .        a - +0 robe
rPois   .            (no helmet)
rElec   .            (no cloak)
rCorr   .            (no gloves)
SInv    .            (no boots)
Will    .....        (no amulet)
Stlth   ++           (no ring)
HPRegen 0.23/turn    (no ring)
MPRegen 0.10/turn

%: no passive effects
@: no status effects
A: fangs 1, strong nose, distributed training
a: no special abilities


You were on level 2 of the Dungeon.
You visited 1 branch of the dungeon, and saw 2 of its levels.

You collected 12 gold pieces.

Inventory:

Hand Weapons
 e - a +0 quarterstaff (weapon)
Missiles
 f - a throwing net
Armour
 a - a +0 robe (worn)
Potions
 b - a potion of magic
 c - a potion of mutation {unknown}
 d - a potion of curing {unknown}


   Skills:
 + Level 0.5 Fighting
 + Level 0.5 Short Blades
 + Level 0.5 Long Blades
 + Level 0.5 Axes
 + Level 0.5 Maces & Flails
 + Level 0.5 Polearms
 + Level 0.5 Staves
 + Level 0.5 Ranged Weapons
 + Level 0.5 Throwing
 + Level 0.5 Armour
 + Level 4.5 Dodging
 + Level 4.1 Stealth
 + Level 0.5 Shields
 + Level 0.5 Unarmed Combat
 + Level 4.9 Spellcasting
 + Level 2.0 Conjurations
 + Level 0.4 Hexes
 + Level 0.4 Summonings
 + Level 0.4 Necromancy
 + Level 0.4 Translocations
 + Level 0.4 Fire Magic
 + Level 0.4 Ice Magic
 + Level 5.4 Air Magic
 + Level 0.4 Earth Magic
 + Level 0.4 Alchemy
 + Level 0.7 Invocations
 + Level 0.5 Evocations
 + Level 0.5 Shapeshifting


You had 7 spell levels left.
You knew the following spells:

 Your Spells              Type           Power      Damage    Failure   Level
a - Shock                 Conj/Air       52%        1d6       3%          1
b - Static Discharge      Conj/Air       26%        3-5/arc   6%          2

Your spell library contained the following spells:

 Spells                   Type           Power      Damage    Failure   Level
 Swiftness                Air            18%        N/A       6%          3
 Airstrike                Air            9%         2d(2-18)  19%         4


Dungeon Overview and Level Annotations

Branches:
Dungeon (2/15)

Altars:


Innate Abilities, Weirdness & Mutations

You have very sharp teeth.
Your uncanny sense of smell can sniff out nearby items.
Your experience applies equally to all skills.


Message History

You kill the bat!
You are struck by an arc of lightning.
The endoplasm quivers.
The dart slug launches a dart at you. The slug dart hits you.
Things that are here:
12 gold pieces; a +0 club; a +0 scale mail You now have 12 gold pieces.
The endoplasm closely misses you.
Casting: Static Discharge (safe; 6% risk of failure)
Press: ? - help, Q - select action, (/) - cycle Dir - look around, f - activate The endoplasm is struck by an arc of lightning.
The endoplasm is heavily wounded.
You are struck by an arc of lightning.
The lightning grounds out.
The endoplasm closely misses you.
The endoplasm hits you but does no damage.
Casting: Static Discharge (safe; 6% risk of failure)
Press: ? - help, Q - select action, (/) - cycle Dir - look around, f - activate The dart slug is struck by an arc of lightning.
The dart slug is severely wounded.
You are struck by an arc of lightning.
The endoplasm is struck by an arc of lightning.
You kill the endoplasm!
The dart slug is struck by an arc of lightning.
You kill the dart slug!
The lightning grounds out.
A hobgoblin comes into view.
The hobgoblin throws a stone.
The stone hits you.
You closely miss the hobgoblin. The hobgoblin hits you.
The hobgoblin closely misses you.
You hit the hobgoblin. Your bite misses the hobgoblin.
The hobgoblin is moderately wounded.
The hobgoblin hits you.
* * * LOW HITPOINT WARNING * * *
Casting: Static Discharge (safe; 6% risk of failure)
Press: ? - help, Q - select action, (/) - cycle Dir - look around, f - activate The hobgoblin is struck by an arc of lightning.
You kill the hobgoblin!
You are struck by an arc of lightning.
You die...

#.......#
#...........
#.......#
.......##...........
........#
......#######......
####..### ......#
#.#.... ##.# #....#
#.#.... #.# #....#
.#.... ####'######
##....# .# ...
#.........# #..(..#
.# ..
#...).###.###..@..#
#.....##...)......#
#.....##...†......#
#.....##..........#
#.....##.........##
#.)...######...$.#
#.....# #......#
#.....# #......#
#.....# #.......#


There were no monsters in sight!

Vanquished Creatures
  A dart slug (D:2)
  2 bats (D:2)
  2 endoplasms
  3 goblins
  2 hobgoblins
  2 jackals (D:1)
  2 kobolds
  A quokka (D:2)
  3 rats (D:2)
18 creatures vanquished.

Notes
Turn   | Place    | Note
-------+----------+-------------------------------------------
     0 | D:1      | ChrisTheSkald the Gnoll Air Elementalist began the quest
                  | for the Orb.
     0 | D:1      | Reached XP level 1. HP: 13/13 MP: 6/6
   134 | D:1      | Reached XP level 2. HP: 19/19 MP: 4/7
   139 | D:1      | Learned a level 2 spell: Static Discharge
   346 | D:2      | Killed from afar by themself

Illustrated notes

Levels and vault maps discovered:
D:1:      spicycebolla_arrival_clurvy, layout_rooms, serial_rivers,
          chequers_serial_rivers_large_a, chequers_serial_rivers_micro_b,
          chequers_serial_rivers_room_b, chequers_serial_rivers_large_b,
          chequers_serial_rivers_small_a
D:2:      layout_basic, serial_glass, glass_columns_a, glass_columns_a

Skill      XL: |  1 |
---------------+----+-----
Conjurations   | 2 |  2.0
Fighting       | |  0.5
Short Blades   | |  0.5
Long Blades    | |  0.5
Axes           | |  0.5
Maces & Flails | |  0.5
Polearms       | |  0.5
Staves         | |  0.5
Ranged Weapons | |  0.5
Throwing       | |  0.5
Armour         | |  0.5
Dodging        | |  4.5
Stealth        | |  4.1
Shields        | |  0.5
Unarmed Combat | |  0.5
Spellcasting   | |  4.9
Hexes          | |  0.4
Summonings     | |  0.4
Necromancy     | |  0.4
Translocations | |  0.4
Fire Magic     | |  0.4
Ice Magic      | |  0.4
Air Magic      | |  5.4
Earth Magic    | |  0.4
Alchemy        | |  0.4
Invocations    | |  0.7
Evocations     | |  0.5
Shapeshifting  | |  0.5

Action                     || total
---------------------------++-------
  Melee: Quarterstaff      ||    12
   Cast: Shock             ||    11
         Static Discharge  ||     6
   Stab: Sleeping          ||     1
 Armour: Robe              ||    19
  Dodge: Dodged            ||    14
